 Dungeon Crawl Stone Soup version 0.28.0-53-g5a82cb258f (webtiles) character file.

Game seed: 15646250382814382582

56 Kranky the Covered (level 3, 0/35 HPs)
             Began as a Gnoll Wanderer on June 18, 2022.
             Succumbed to an adder's poison
             ... on level 3 of the Dungeon.
             The game lasted 00:02:39 (1720 turns).

Kranky the Covered (Gnoll Wanderer)                 Turns: 1720, Time: 00:02:40

Health: 0/35       AC: 13    Str: 12    XL:     3   Next: 97%
Magic:  7/7        EV:  5    Int: 10    God:
Gold:   66         SH: 12    Dex: 13    Spells: 6/7 levels left

rFire   . . .      SeeInvis .   l - +0 whip (elec)
rCold   + . .      Faith    .   i - +0 tower shield
rNeg    . . .      Spirit   .   c - +2 scale mail
rPois   .          Reflect  .   (no helmet)
rElec   .          Harm     .   (no cloak)
rCorr   .          Rampage  .   (no gloves)
Will    .....                   h - +0 pair of boots
Stlth   ..........              (no amulet)
HPRegen 0.11/turn               (no ring)
MPRegen 0.10/turn               (no ring)

@: lethally poisoned (0 -> -7)
A: fangs 1, strong nose, distributed training, iridescent scales 1, cold
resistance 1, no potion heal 1
a: no special abilities


You were on level 3 of the Dungeon.
You visited 1 branch of the dungeon, and saw 3 of its levels.

You collected 66 gold pieces.

Inventory:

Hand Weapons
 a - a +0 dagger
 e - a +0 hunting sling
 f - a +0 spear
 l - a +0 whip of electrocution (weapon)
Missiles
 g - 3 poisoned darts
Armour
 b - a +0 buckler
 c - a +2 scale mail (worn)
 h - a +0 pair of boots (worn)
 i - a +0 tower shield (worn)
Scrolls
 d - a scroll of enchant weapon {unknown}
 j - a scroll of brand weapon {unknown}
 k - 3 scrolls of identify {unknown}
 m - a scroll of teleportation {unknown}
 o - a scroll of vulnerability {unknown}
 p - a scroll of fog {unknown}


   Skills:
 + Level 6.5 Fighting
 + Level 1.0 Short Blades
 + Level 1.0 Long Blades
 + Level 1.0 Axes
 + Level 1.0 Maces & Flails
 + Level 1.0 Polearms
 + Level 1.0 Staves
 + Level 1.0 Slings
 + Level 1.0 Bows
 + Level 1.0 Crossbows
 + Level 1.0 Throwing
 + Level 6.5 Armour
 + Level 1.0 Dodging
 + Level 1.0 Stealth
 + Level 2.7 Shields
 + Level 1.0 Unarmed Combat
 + Level 2.9 Spellcasting
 + Level 0.7 Conjurations
 + Level 0.7 Hexes
 + Level 2.2 Summonings
 + Level 0.7 Necromancy
 + Level 0.7 Translocations
 + Level 0.7 Transmutations
 + Level 0.7 Fire Magic
 + Level 0.7 Ice Magic
 + Level 0.7 Air Magic
 + Level 0.7 Earth Magic
 + Level 0.7 Poison Magic
 + Level 1.1 Invocations
 + Level 2.7 Evocations


You had 6 spell levels left.
You knew the following spells:

 Your Spells              Type           Power      Damage    Failure   Level
a - Summon Small Mammal   Summ           20%        N/A       100%        1

Your spell library contained the following spells:

 Spells                   Type           Power      Damage    Failure   Level
 Magic Dart               Conj           8%         1d3       100%        1
 Call Imp                 Summ           5%         N/A       100%        2
 Mephitic Cloud           Conj/Pois/Air  2%         N/A       100%        3
 Summon Guardian Golem    Hex/Summ       4%         N/A       100%        3


Dungeon Overview and Level Annotations

Branches:
Dungeon (3/15)

Altars:

Annotations:
D:3 3 runed translucent doors, MiltankisOP's ghost, amateur HOFi


Innate Abilities, Weirdness & Mutations

You have very sharp teeth.
Your uncanny sense of smell can sniff out nearby items.
Your experience applies equally to all skills.
You are partially covered in iridescent scales. (AC +2)
Your flesh is cold resistant. (rC+)
Potions are less effective at restoring your health.


Message History

The adder poisons you!
You hit the adder. You bite the adder, but do no damage.
The adder is lightly wounded.
You feel sick. The adder bites you.
You are more poisoned.
The adder poisons you! The adder bites you but does no damage.
You barely miss the adder. Your bite misses the adder.
The adder is lightly wounded.
You feel very sick. The adder bites you.
You are lethally poisoned!
The adder poisons you!
You are too injured to fight recklessly!
You are too injured to fight recklessly!
You are too injured to fight recklessly!
You are too injured to fight recklessly!
You miss the adder.
The adder is lightly wounded.
You feel very sick. You block the adder's attack.
The adder bites you but does no damage.
You closely miss the adder. Your bite misses the adder.
The adder is lightly wounded.
* * * LOW HITPOINT WARNING * * *
You feel very sick. The adder bites you but does no damage.
The adder bites you.
* * * LOW HITPOINT WARNING * * *
You are more poisoned.
The adder poisons you!
You closely miss the adder.
The adder is lightly wounded.
* * * LOW HITPOINT WARNING * * *
You feel very sick. The adder barely misses you. You block the adder's attack.
It was a potion of mutation.
You feel extremely strange.
Your system partially rejects the healing effects of potions.
You feel resistant to cold.
Iridescent scales grow over part of your body.
* * * LOW HITPOINT WARNING * * *
You feel sick. You block the adder's attack.
You die...

.....# .. .. #....# ...
.##....# ... ..#....#
##.##......# #...#.
....######
.....?####).....#####
#..@.......##)⌠.##
#..##......#K#.#.##.
#......S##...#..+KK#...#.
#..##...##...#..+KK...?#.
# #...##...##.+KK#..∆#.
.(..##...##.#W#K#.##.
.#...##......##K⌠.##..
.##............#####...
.. ............##.......


You could see an adder.

Vanquished Creatures
  An adder (D:2)
  A worm (D:2)
  2 dart slugs (D:1)
  3 ball pythons
  6 endoplasms
  2 giant cockroaches (D:1)
  5 goblins
  A hobgoblin (D:3)
  4 quokkas
  3 bats
  4 frilled lizards
  3 kobolds
  3 rats
38 creatures vanquished.

Notes
Turn   | Place    | Note
-------+----------+-------------------------------------------
     0 | D:1      | Kranky the Gnoll Wanderer began the quest for the Orb.
     0 | D:1      | Kranky set off with the following items: a +0 dagger, a +0
                  | buckler, a +2 scale mail; and the following spell
                  | memorised: Summon Small Mammal; and the following spells
                  | available to memorise: Summon Guardian Golem
     0 | D:1      | Reached XP level 1. HP: 23/23 MP: 4/4
   150 | D:1      | Reached XP level 2. HP: 19/29 MP: 5/5
   846 | D:1      | Reached XP level 3. HP: 35/35 MP: 7/7
  1099 | D:2      | Reached skill level 1 in Invocations
  1155 | D:2      | Reached skill level 1 in Short Blades
  1155 | D:2      | Reached skill level 1 in Long Blades
  1155 | D:2      | Reached skill level 1 in Axes
  1155 | D:2      | Reached skill level 1 in Maces & Flails
  1155 | D:2      | Reached skill level 1 in Polearms
  1155 | D:2      | Reached skill level 1 in Staves
  1155 | D:2      | Reached skill level 1 in Slings
  1155 | D:2      | Reached skill level 1 in Bows
  1155 | D:2      | Reached skill level 1 in Crossbows
  1155 | D:2      | Reached skill level 1 in Throwing
  1155 | D:2      | Reached skill level 1 in Dodging
  1155 | D:2      | Reached skill level 1 in Stealth
  1155 | D:2      | Reached skill level 1 in Unarmed Combat
  1692 | D:3      | Found a runed translucent gate.
  1693 | D:3      | Found a runed translucent gate.
  1693 | D:3      | Noticed MiltankisOP's ghost (amateur HOFi)
  1694 | D:3      | Found a runed translucent gate.
  1694 | D:3      | Noticed a kobold brigand
  1719 | D:3      | Gained mutation: Potions are less effective at restoring
                  | your health. [potion of mutation]
  1719 | D:3      | Gained mutation: Your flesh is cold resistant. (rC+)
                  | [potion of mutation]
  1719 | D:3      | Gained mutation: You are partially covered in iridescent
                  | scales. (AC +2) [potion of mutation]
  1720 | D:3      | Succumbed to an adder's poison

Illustrated notes

Levels and vault maps discovered:
D:1:      dpeg_arrival_tiny_a, layout_basic
D:2:      layout_rooms, minmay_misc_feat_enclosed
D:3:      layout_basic, gammafunk_ghost_nasty_kobolds, chequers_arboretum,
          hangedman_decor_clover_reticule, uniq_jessica

Skill      XL: |  1  2  3 |
---------------+----------+-----
Summonings     | 2 |  2.2
Invocations    | 1 |  1.1
Short Blades   | 1 |  1.0
Long Blades    | 1 |  1.0
Axes           | 1 |  1.0
Maces & Flails | 1 |  1.0
Polearms       | 1 |  1.0
Staves         | 1 |  1.0
Slings         | 1 |  1.0
Bows           | 1 |  1.0
Crossbows      | 1 |  1.0
Throwing       | 1 |  1.0
Dodging        | 1 |  1.0
Stealth        | 1 |  1.0
Unarmed Combat | 1 |  1.0
Fighting       | |  6.5
Armour         | |  6.5
Shields        | |  2.7
Spellcasting   | |  2.9
Conjurations   | |  0.7
Hexes          | |  0.7
Necromancy     | |  0.7
Translocations | |  0.7
Transmutations | |  0.7
Fire Magic     | |  0.7
Ice Magic      | |  0.7
Air Magic      | |  0.7
Earth Magic    | |  0.7
Poison Magic   | |  0.7
Evocations     | |  2.7

Action                   || total
-------------------------++-------
Melee: Dagger            ||    91
       Bite              ||    12
       Spear             ||    38
       Whip              ||    44
  Use: Potion            ||     1
Armor: Scale mail        ||    88
Dodge: Dodged            ||    45
Block: Buckler           ||    14
       Tower shield      ||    37
